 Dungeon Crawl Stone Soup version 0.16-a0-2844-g9b01c91 (console) character file.

522 nht the Insei (level 7, -4/48 HPs)
             Began as a Merfolk Transmuter on Nov 29, 2014.
             Slain by an orc priest
             ... wielding a +0 flail
              (8 damage)
             ... on level 3 of the Dungeon.
             The game lasted 00:07:19 (3383 turns).

nht the Insei (Merfolk Transmuter)                  Turns: 3383, Time: 00:07:19

Health: -4/48      AC:  4    Str: 15    XL:     7   Next: 22%
Magic:  12/12      EV: 13    Int: 14    God:
Gold:   129        SH:  0    Dex: 15    Spells: 2 memorised, 6 levels left

rFire  . . .     SeeInvis +       - Unarmed
rCold  . . .     Clarity  .     c - +0 robe
rNeg   . . .     SustAb   +     (no shield)
rPois  .         Gourm    .     (no helmet)
rElec  .         Spirit   .     p - +1 cloak
rCorr  .         Warding  .     (no gloves)
rMut   .         Stasis   .     (no boots)
MR     .....                    (no amulet)
Stlth  +.........               h - ring of sustain abilities
                                g - ring of see invisible

@: mighty, lethally poisoned, flying, very slightly contaminated, not resistant
to hostile enchantments, very unstealthy
A: change form in water, swift swim
a: no special abilities


You were on level 3 of the Dungeon.
You were hungry.

You visited 1 branch of the dungeon, and saw 4 of its levels.

You collected 129 gold pieces.

Inventory:

Missiles
 b - 12 arrows
Armour
 c - a +0 robe (worn)
 p - a +1 cloak (worn)
Jewellery
 g - a ring of see invisible (left hand)
 h - a ring of sustain abilities (right hand)
Magical devices
 m - a wand of fireball (7)
 q - a wand of paralysis (6)
 v - a wand of paralysis (14)
Scrolls
 f - a scroll of recharging
 i - a scroll of noise {unknown}
 j - 4 scrolls of identify
 k - 2 scrolls of remove curse
 r - a scroll of enchant armour {unknown}
Books
 d - a book of Changes

   Spells                             Type                      Level
   a - Beastly Appendage              Transmutation                1
   b - Sticks to Snakes               Transmutation                2
   c - Spider Form                    Transmutation/Poison         3
   d - Ice Form                       Ice/Transmutation            4
   e - Blade Hands                    Transmutation                5
Comestibles
 a - 3 bread rations
 l - a beef jerky


   Skills:
 - Level 1.1 Fighting
 - Level 2.6 Dodging
 * Level 7.5 Unarmed Combat
 - Level 2.0 Spellcasting
 + Level 5.9 Transmutations


You had 6 spell levels left.
You knew the following spells:

 Your Spells              Type           Power        Failure   Level  Hunger
a - Beastly Appendage     Trmt           ###...       2%          1    ##.....
b - Spider Form           Trmt/Pois      #.........   24%         3    ####...


Dungeon Overview and Level Annotations

Branches:
Dungeon (4/15)             Temple (0/1) D:4

Altars:
Cheibriados
Kikubaaqudgha
Vehumet

Annotations:
D:4 Dowan


Message History

Dowan seems overcome with grief, but rights himself reflexively soon after.
Dowan seems to find hidden reserves of power!
You feel sick. Dowan gestures at you while chanting. The stone arrow hits you!
* * * LOW HITPOINT WARNING * * *
Drink which item? (? for menu, Esc to quit)
Magic courses through your body.
It was a potion of magic.
Dowan hits you with a dagger.
* * * LOW HITPOINT WARNING * * *
You miss Dowan.
Dowan mumbles some strange words.
Dowan blinks!
You feel sick.
There is a stone staircase leading up here.
You feel sick.
You fly upwards.
The orc shouts!
The orc priest shouts!
The orc shouts!
There is a stone staircase leading down here.
You closely miss the orc priest. The orc priest hits you with a flail!
You die...

█.████████.███
█.█......█...█
█.██..██.█...███
█........█.....█
███████.███..██.███████
...).........█.<......█
███████.████.█.██████.█
█ █.████.█)█ █.█ █
█......█.█ █.████
██████████████.███
█....█
..........o.o..o@█
███.██
█.█.███.██████.█.█ █.█
█.█.█ █.█ █.█.█ █.█
..█.█ █.█ █...█ █.█
███.█ █.█ ███.██████.█
..█.█ █.█ ██.......█
█.█.█ █.█ █.███████
█.█.███.█████████.█
█<█.............█.█
███████.███████.█.█
................█.█


You could see an orc priest and 2 orcs.

Vanquished Creatures
  Duvessa (D:4)
  A scorpion (D:4)
  3 iguanas (D:4)
  Crazy Yiuf (D:4)
  2 giant frog skeletons (D:4)
  An orc priest (D:3)
  Jessica (D:2)
  6 adders
  7 worms
  6 giant geckos
  An ooze (D:2)
  6 orcs
  A bat skeleton (D:4)
  2 giant cockroaches
  8 goblins
  9 hobgoblins
  8 jackals
  15 kobolds
  6 bats
  3 giant newts
  6 rats
94 creatures vanquished.

Notes
Turn   | Place    | Note
--------------------------------------------------------------
     0 | D:1      | nht, the Merfolk Transmuter, began the quest for the Orb.
     0 | D:1      | Reached XP level 1. HP: 15/15 MP: 3/3
   111 | D:1      | Reached XP level 2. HP: 9/21 MP: 2/4
   490 | D:1      | Reached skill level 4 in Unarmed Combat
   617 | D:1      | Reached XP level 3. HP: 26/26 MP: 4/6
   883 | D:2      | Learned a level 3 spell: Spider Form
  1041 | D:2      | HP: 1/26 [adder (5)]
  1394 | D:2      | Found a snail-covered altar of Cheibriados.
  1474 | D:2      | Noticed Jessica
  1479 | D:2      | Killed Jessica
  1479 | D:2      | Reached XP level 4. HP: 24/32 MP: 0/7
  1517 | D:2      | Found an ancient bone altar of Kikubaaqudgha.
  1517 | D:2      | Found a radiant altar of Vehumet.
  1594 | D:2      | Reached skill level 5 in Unarmed Combat
  1830 | D:2      | Reached XP level 5. HP: 35/37 MP: 5/9
  2527 | D:3      | Reached skill level 6 in Unarmed Combat
  2903 | D:4      | Found a staircase to the Ecumenical Temple.
  2928 | D:4      | Reached XP level 6. HP: 43/43 MP: 6/10
  2954 | D:4      | Noticed Crazy Yiuf
  2961 | D:4      | Killed Crazy Yiuf
  2961 | D:4      | Reached skill level 5 in Transmutations
  3016 | D:4      | Reached skill level 7 in Unarmed Combat
  3228 | D:4      | Reached XP level 7. HP: 35/48 MP: 4/12
  3358 | D:4      | Noticed Dowan
  3359 | D:4      | Noticed Duvessa
  3375 | D:4      | Killed Duvessa
  3383 | D:3      | Slain by an orc priest

Action                   |  1- 3 |  4- 6 |  7- 9 || total
-------------------------+-------+-------+-------++-------
Melee: Unarmed           |    96 |   185 |    18 ||   299
 Cast: Beastly Appendage |    17 |       |       ||    17
       Spider Form       |     5 |    22 |     2 ||    29
  Use: Potion            |     2 |       |     5 ||     7
       Scroll            |       |     4 |       ||     4
 Stab: Sleeping          |     1 |       |       ||     1
  Eat: Chunk             |     2 |    11 |       ||    13
